 Dungeon Crawl Stone Soup version 0.28.0-53-g5a82cb258f (webtiles) character file.

Game seed: 957730021758630177

716 Zeld the Chopper (level 7, -1/64 HPs)
             Began as a Minotaur Berserker on May 23, 2022.
             Was a Priest of Trog.
             Slain by a scorpion (3 damage)
             ... on level 5 of the Dungeon.
             The game lasted 00:08:49 (5330 turns).

Zeld the Chopper (Minotaur Berserker)               Turns: 5330, Time: 00:08:50

Health: -1/64      AC:  4    Str: 24    XL:     7   Next: 41%
Magic:  6/6        EV: 12    Int:  4    God:    Trog [***...]
Gold:   268        SH:  0    Dex:  9    Spells: 6/6 levels left

rFire   . . .      SeeInvis .   a - +0 hand axe
rCold   . . .      Faith    .   (no shield)
rNeg    . . .      Spirit   .   b - +0 animal skin
rPois   .          Reflect  .   (helmet restricted)
rElec   .          Harm     .   j - +0 cloak
rCorr   .          Rampage  .   e - +0 pair of gloves
Will    .....                   (no boots)
Stlth   +.........              p - amulet of regeneration
HPRegen 1.00/turn               (no ring)
MPRegen 0.10/turn               (no ring)

@: no status effects
A: horns 2, retaliatory headbutt
a: Renounce Religion, Berserk, Trog's Hand


You were on level 5 of the Dungeon.
You worshipped Trog.
Trog was most pleased with you.
You visited 1 branch of the dungeon, and saw 5 of its levels.
You also visited: Sewer.

You collected 268 gold pieces.

Inventory:

Hand Weapons
 a - a +0 hand axe (weapon)
Armour
 b - a +0 animal skin (worn)
 e - a +0 pair of gloves (worn)
 j - a +0 cloak (worn)
Jewellery
 p - an amulet of regeneration (around neck)
 v - a ring of protection from cold
Wands
 q - a wand of charming (1)
 s - a wand of paralysis (6)
Scrolls
 c - 4 scrolls of teleportation {unknown}
 d - 4 scrolls of identify {unknown}
 g - a scroll of silence {unknown}
 h - a scroll of fog {unknown}
 m - a scroll of torment {unknown}
 n - a scroll of enchant weapon {unknown}
 t - 3 scrolls of immolation {unknown}
Potions
 f - 2 potions of heal wounds {unknown}
 i - 2 potions of curing {unknown}
 k - a potion of attraction {unknown}
 l - a potion of experience {unknown}
 r - a potion of magic {unknown}
 u - a potion of haste {unknown}
 w - a potion of degeneration {unknown}


   Skills:
 * Level 6.7 Fighting
 * Level 6.7 Axes
 + Level 4.5 Armour
 + Level 4.2 Dodging


You had 6 spell levels left.
You didn't know any spells.
Your spell library was empty.

Dungeon Overview and Level Annotations

Branches:
Dungeon (5/15)              Sewer (visited)
 Temple: D:4-7

Altars:


Innate Abilities, Weirdness & Mutations

You have a pair of horns on your head.
You reflexively headbutt those who attack you in melee.


Message History

The orc wizard hits you but does no damage.
You see here a +0 dagger.
Unknown command.
You closely miss the orc wizard. You hit the orc priest.
You barely miss the scorpion. The scorpion completely misses you.
The orc priest closely misses you.
The orc wizard hits you but does no damage.
Unknown command.
You hit the orc wizard. You headbutt the orc wizard!
You kill the orc wizard!
Trog accepts your kill.
Trog appreciates your killing of a magic user.
You closely miss the orc priest. You hit the scorpion but do no damage.
The scorpion stings you.
An orc wizard comes into view. It is wielding a +0 dagger.
The orc priest closely misses you. The hound skeleton misses you.
The scorpion completely misses you.
You slash the hound skeleton! You headbutt the hound skeleton!
The hound skeleton is almost destroyed.
You barely miss the orc priest. You hit the scorpion.
The orc priest invokes the aid of Beogh against you.
Pain shoots through your body! The hound skeleton bites you.
The scorpion stings you!
Unknown command.
You hit the hound skeleton.
You destroy the hound skeleton!
Trog accepts your kill.
You closely miss the scorpion. You hit the orc priest.
The orc priest misses you. The scorpion stings you.
Unknown command.
You hit the orc wizard.
The orc wizard is moderately wounded.
You hit the orc priest. You hit the scorpion but do no damage.
The orc wizard gestures at you while chanting.
The puff of flame hits you!
* * * LOW HITPOINT WARNING * * *
The orc priest hits you with a +0 flail!
* * * LOW HITPOINT WARNING * * *
The scorpion stings you.
You die...

############ ##
...........
...###
...>......
#..... .#.......
...... ..#...oo#
# ......
.#...s@# .#
#######
..#.....##..#
.[..... #
#..........#
.####### #.
#.#.###..##.....
........ #.#
#.#.###..##..##.
.####### #.#
#...()......(# #
#.#
###.###..##.## #
#.# #.###..## #
# #.# ##........
#


You could see a scorpion, an orc priest and an orc wizard.

Vanquished Creatures
  A water moccasin (Sewer)
  A scorpion (D:4)
  A centaur zombie (D:3)
  2 hounds
  A jelly (D:3)
  An orc priest (D:5)
  An iguana (D:2)
  Natasha (thrice) (D:3)
  An orc wizard (D:5)
  2 hound skeletons
  Robin (D:3)
  4 gnolls (D:5)
  7 adders
  A river rat (D:3)
  A worm (D:2)
  2 dart slugs
  2 orcs (D:5)
  4 bats
  6 endoplasms
  7 giant cockroaches
  12 hobgoblins
  11 jackals
  11 quokkas
  14 ball pythons
  2 frilled lizards
  11 goblins
  7 kobolds
  4 rats
121 creatures vanquished.

Notes
Turn   | Place    | Note
-------+----------+-------------------------------------------
     0 | D:1      | Zeld the Minotaur Berserker began the quest for the Orb.
     0 | D:1      | Reached XP level 1. HP: 19/19 MP: 0/0
   147 | D:1      | Reached XP level 2. HP: 13/27 MP: 1/1
   759 | D:1      | Reached ** piety under Trog
   911 | D:1      | Reached XP level 3. HP: 25/33 MP: 2/2
  1504 | D:2      | Found a faded altar of an unknown god.
  1593 | D:2      | Reached XP level 4. HP: 38/41 MP: 3/3
  1786 | D:3      | Reached skill level 5 in Fighting
  1786 | D:3      | Reached skill level 5 in Axes
  1786 | D:3      | Reached XP level 5. HP: 45/48 MP: 4/4
  2211 | D:3      | Reached *** piety under Trog
  2246 | D:3      | Found a glowing drain.
  2268 | Sewer    | Entered a sewer
  2370 | Sewer    | Noticed a water moccasin
  2383 | Sewer    | Killed a water moccasin
  2384 | Sewer    | Reached XP level 6. HP: 9/56 MP: 5/5
  2764 | D:3      | Noticed Natasha
  2809 | D:3      | Killed Natasha
  3084 | D:3      | Noticed Robin
  3092 | D:3      | Killed Robin
  3394 | D:3      | Noticed Natasha
  3401 | D:3      | Killed Natasha
  3876 | D:3      | Noticed Natasha
  3884 | D:3      | Killed Natasha
  4449 | D:4      | Reached XP level 7. HP: 37/63 MP: 6/6
  4862 | D:5      | Entered Level 5 of the Dungeon
  5330 | D:5      | HP: 2/64 [orc priest/+0 flail (8)]
  5330 | D:5      | Slain by a scorpion

Illustrated notes

Levels and vault maps discovered:
D:1:      amcnicky_arrival_flooded_fountain, layout_basic
D:2:      layout_rooms, dreamdust_ecumenical_altar_statues, minmay_pentomino_v4
D:3:      layout_basic, portal_sewer_entry_b, uniq_natasha, uniq_robin
D:4:      layout_rooms, hangedman_decor_opposing
D:5:      layout_loops_ring, mainiacjoe_overflow_cross_hatched, corner_web_ring,
          st_stairs_7

Skill      XL: |  1  2  3  4  5  6 |
---------------+-------------------+-----
Axes           | 4 5 6 |  6.7
Fighting       | 4 5 6 |  6.7
Armour         | 3 4 |  4.5
Dodging        | 3 4 |  4.2

Action                   |  1- 3 |  4- 6 |  7- 9 || total
-------------------------+-------+-------+-------++-------
Melee: Hand axe          |    89 |   122 |    37 ||   248
       Headbutt          |     9 |    33 |     7 ||    49
Invok: Trog's Hand       |       |     1 |       ||     1
  Use: Potion            |       |       |     1 ||     1
 Stab: Sleeping          |     1 |       |       ||     1
Armor: Animal skin       |    20 |    31 |     7 ||    58
Dodge: Dodged            |    67 |    93 |    26 ||   186
